 Dungeon Crawl Stone Soup version 0.29.1-15-g9cfb28693d (webtiles) character file.

Game seed: 3842243429098907844

3000 BuddhaDhamma the Severer (level 9, -11/105 HPs)
             Began as a Minotaur Berserker on Mar 23, 2023.
             Was an Elder of Trog.
             Mangled by a death yak (15 damage)
             ... on level 7 of the Dungeon.
             The game lasted 00:12:32 (7848 turns).

BuddhaDhamma the Severer (Minotaur Berserker)       Turns: 7848, Time: 00:12:33

Health: -11/105    AC: 13    Str: 25    XL:     9   Next: 54%
Magic:  0/8        EV:  7    Int:  4    God:    Trog [****..]
Gold:   401        SH:  0    Dex: 11    Spells: 8/8 levels left

rFire   . . .      SeeInvis .   x - +2 battleaxe
rCold   . . .      Faith    .   (shield currently unavailable)
rNeg    + . .      Spirit   +   r - +1 plate armour
rPois   .          Reflect  .   (helmet restricted)
rElec   .          Harm     .   i - scarf {repulsion}
rCorr   .          Rampage  .   (no gloves)
Will    .....                   a - +0 pair of boots
Stlth   ..........              f - amulet of guardian spirit
HPRegen 0.27/turn               u - ring of positive energy
MPRegen 0.11/turn               (no ring)

@: berserking, repel missiles, very quick
A: horns 2, retaliatory headbutt
a: Renounce Religion, Berserk, Trog's Hand, Brothers in Arms


You were on level 7 of the Dungeon.
You worshipped Trog.
Trog was greatly pleased with you.
You visited 1 branch of the dungeon, and saw 8 of its levels.

You collected 401 gold pieces.

Inventory:

Hand Weapons
 x - a +2 battleaxe (weapon)
Missiles
 g - 2 throwing nets (quivered)
Armour
 a - a +0 pair of boots (worn)
 i - a scarf of repulsion (worn)
 r - a +1 plate armour (worn)
Jewellery
 f - an amulet of guardian spirit (around neck)
 u - a ring of positive energy (left hand)
Wands
 v - a wand of iceblast (7)
Scrolls
 b - a scroll of silence
 c - a scroll of brand weapon {unknown}
 l - a scroll of magic mapping {unknown}
Potions
 d - 2 potions of brilliance
 e - a potion of haste
 h - a potion of attraction
 j - 2 potions of magic {unknown}
 k - a potion of resistance {unknown}
 m - a potion of berserk rage {unknown}
 n - 3 potions of lignification
 o - 2 potions of flight {unknown}
 q - 2 potions of degeneration
 s - a potion of might {unknown}
 t - 3 potions of curing


   Skills:
 - Level 3.6 Fighting
 + Level 15.9 Axes
 - Level 2.4 Armour
 - Level 2.1 Dodging


You had 8 spell levels left.
You didn't know any spells.
Your spell library was empty.

Dungeon Overview and Level Annotations

Branches:
Dungeon (8/15)             Temple (0/1) D:5
   Lair: D:8-11

Altars:
Cheibriados
Fedhas
Gozag
Makhleb
Okawaru
Ru
Yredelemnul
The Shining One


Innate Abilities, Weirdness & Mutations

You have a pair of horns on your head.
You reflexively headbutt those who attack you in melee.


Message History

No target in view!
No target in view!
You climb downwards.
The death yak bellows!
The orc closely misses you. The death yak gores you.
A hell rat comes into view.
A quokka comes into view.
There is a stone staircase leading up here.
You completely miss the death yak. You headbutt the death yak!
The death yak is lightly wounded.
You barely miss the orc. You hit the death yak. The death yak gores you!
The orc hits you but does no damage.
The death yak gores you but does no damage.
The death yak gores you! The orc hits you but does no damage.
The death yak gores you!
You climb upwards.
There is a stone staircase leading down, spattered with blood here.
You can't go up here!
You are too injured to fight recklessly!
You are too injured to fight recklessly!
A red film seems to cover your vision as you go berserk!
You feel yourself moving faster!
You feel mighty! The death yak gores you! The death yak gores you!!
* * * LOW HITPOINT WARNING * * *
The orc hits you but does no damage.
You barely miss the death yak.
The death yak is lightly wounded.
You hit the death yak. You slash the orc!
You kill the orc!
Trog accepts your kill. The death yak gores you!
* * * LOW HITPOINT WARNING * * *
The death yak gores you!
* * * LOW HITPOINT WARNING * * *
You slash the death yak! You headbutt the death yak!
The death yak is moderately wounded.
You hit the death yak. You slash the death yak!
The death yak is heavily wounded.
You hit the death yak. The death yak gores you!
You die...

#...#......#............'..
#)..#...#.....##'###....###
###...#...#...............###
#.........#.................#
#.........##................#
#...........................#
#............................
#..........)[[...............
#..........)@Y...............
#.........##Y)...............
#.........##.................
#.........##.................
#.......########'#...#.......
#.......#............####....
#...............>............
#.......................#....
#.......................#.#+#


You could see 2 death yaks.

Vanquished Creatures
  An unseen horror (D:7)
  Sigmund (D:3)
  A water moccasin (D:6)
  An ice beast (D:5)
  A black bear (D:5)
  An orc warrior (D:5)
  An ogre (D:4)
  A phantom (D:6)
  4 kobold brigands
  7 necrophages
  4 scorpions
  3 bullfrogs
  2 wights (D:7)
  A centaur zombie (D:5)
  A bullfrog zombie (D:5)
  2 hounds
  6 orc priests
  2 jellies
  An iron imp (D:7)
  An iguana (D:6)
  4 orc wizards
  A hound zombie (D:5)
  6 gnolls
  8 adders
  A shadow imp (D:6)
  3 white imps
  A worm (D:2)
  19 orcs
  7 endoplasms
  4 giant cockroaches
  6 hobgoblins
  6 jackals
  25 kobolds
  2 quokkas
  4 ball pythons
  5 bats
  5 frilled lizards
  4 goblins
  5 rats
  7 bushes (D:5)
165 creatures vanquished.

Vanquished Creatures (others)
  13 plants (D:5)
13 creatures vanquished.

Grand Total: 178 creatures vanquished

Notes
Turn   | Place    | Note
-------+----------+-------------------------------------------
     0 | D:1      | BuddhaDhamma the Minotaur Berserker began the quest for the
                  | Orb.
     0 | D:1      | Reached XP level 1. HP: 19/19 MP: 0/0
   300 | D:1      | Reached skill level 4 in Axes
   425 | D:1      | Reached XP level 2. HP: 26/26 MP: 1/1
   945 | D:2      | Reached skill level 5 in Axes
   945 | D:2      | Reached XP level 3. HP: 31/31 MP: 2/2
  1711 | D:3      | Reached ** piety under Trog
  1733 | D:3      | Reached skill level 6 in Axes
  1733 | D:3      | Reached XP level 4. HP: 36/39 MP: 3/3
  1982 | D:3      | Noticed Sigmund
  1994 | D:3      | Killed Sigmund
  1995 | D:3      | Reached skill level 7 in Axes
  1995 | D:3      | Reached XP level 5. HP: 45/45 MP: 4/4
  2067 | D:3      | Found a faded altar of an unknown god.
  2150 | D:3      | Reached skill level 8 in Axes
  2627 | D:3      | Found a burning altar of Makhleb.
  2674 | D:3      | Found an iron altar of Okawaru.
  2676 | D:3      | Found an opulent altar of Gozag.
  2695 | D:3      | Found a faded altar of an unknown god.
  2885 | D:4      | Reached XP level 6. HP: 51/51 MP: 5/5
  3051 | D:4      | Reached skill level 9 in Axes
  3351 | D:4      | Reached XP level 7. HP: 56/57 MP: 6/6
  3571 | D:4      | Reached skill level 10 in Axes
  3901 | D:5      | Entered Level 5 of the Dungeon
  4071 | D:5      | Found a blossoming altar of Fedhas.
  4399 | D:5      | Found a glowing golden altar of the Shining One.
  4427 | D:5      | Reached skill level 11 in Axes
  4494 | D:5      | Found a staircase to the Ecumenical Temple.
  4611 | D:5      | Reached XP level 8. HP: 41/64 MP: 7/7
  4807 | D:5      | Reached *** piety under Trog
  4851 | D:5      | Reached skill level 12 in Axes
  5418 | D:5      | Reached skill level 13 in Axes
  5831 | D:6      | Reached skill level 14 in Axes
  5871 | D:6      | Reached XP level 9. HP: 66/70 MP: 8/8
  5989 | D:6      | Found a basalt altar of Yredelemnul.
  6594 | D:7      | Reached **** piety under Trog
  6672 | D:7      | Reached skill level 15 in Axes
  6966 | D:7      | Found a snail-covered altar of Cheibriados.
  7169 | D:7      | Found a sacrificial altar of Ru.
  7198 | D:7      | Killed an unseen horror
  7458 | D:7      | Identified the +5 dagger of the Blind Eye {chaos, Stlth+}
  7624 | D:8      | Noticed a death yak
  7835 | D:8      | Noticed a death yak
  7841 | D:8      | Noticed a death yak
  7846 | D:7      | HP: 4/105 [death yak (11)]
  7848 | D:7      | Mangled by a death yak

Illustrated notes

Levels and vault maps discovered:
D:1:      dpeg_arrival_concentric_ovals, layout_basic, serial_curves,
          eino_curves_04, eino_curves_04
D:2:      layout_loops_ring, grunt_ministairs_1, kennysheep_donut
D:3:      layout_basic, nicolae_overflow_ecumenical_swirl,
          nicolae_overflow_hidden_temple, shapermc_ecumenical_altar_petra,
          uniq_sigmund
D:4:      layout_loops_ring
D:5:      layout_basic, lemuel_doored_altar, fedhas_altar_decomposition,
          lemuel_temple_firewalk_b, chequers_serial_rivers_micro_d
D:6:      layout_loops_cross, lemuel_round_altar
D:7:      layout_basic, lemuel_tele_altar, slow_altar_1
D:8:      layout_rooms, dpeg_lair_monsters, serial_shops, shop_fountains,
          serial_bayou, serial_bayou_lagoon_b, serial_bayou_pond_d,
          serial_bayou_ford_a, serial_bayou_pond_d, nicolae_elemental_shop

Skill      XL: |  1  2  3  4  5  6  7  8  9 |
---------------+----------------------------+-----
Axes           | 4 5 6 7 8 9 11 14 15 | 15.9
Fighting       | |  3.6
Armour         | |  2.4
Dodging        | |  2.1

Action                   |  1- 3 |  4- 6 |  7- 9 || total
-------------------------+-------+-------+-------++-------
Melee: Hand axe          |    84 |    96 |    94 ||   274
       Headbutt          |     9 |    12 |    53 ||    74
       Punch             |     1 |       |       ||     1
       Battleaxe         |       |       |   207 ||   207
Throw: Throwing net      |     1 |     3 |       ||     4
Invok: Berserk           |     1 |     3 |     5 ||     9
  Use: Scroll            |       |       |    16 ||    16
 Stab: Sleeping          |     1 |       |       ||     1
Armor: Animal skin       |     7 |       |       ||     7
       Scale mail        |    22 |     5 |       ||    27
       Chain mail        |       |    33 |       ||    33
       Plate armour      |       |       |   178 ||   178
Dodge: Dodged            |    37 |    34 |    93 ||   164
